 Dungeon Crawl Stone Soup version 0.28.0-53-g5a82cb258f (webtiles) character file.

Game seed: 15918237130000598964

1477 DocClef the Firebug (level 8, -3/58 HPs)
             Began as a Gnoll Fire Elementalist on July 13, 2022.
             Succumbed to a scorpion's poison
             ... on level 6 of the Dungeon.
             The game lasted 00:06:51 (6744 turns).

DocClef the Firebug (Gnoll Fire Elementalist)       Turns: 6744, Time: 00:06:51

Health: -3/58      AC:  4    Str:  7    XL:     8   Next: 78%
Magic:  23/26      EV: 14    Int: 17    God:
Gold:   338        SH:  0    Dex: 13    Spells: 18/19 levels left

rFire   . . .      SeeInvis .   c - +1 dagger (holy)
rCold   . . .      Faith    .   (no shield)
rNeg    . . .      Spirit   .   a - +0 robe
rPois   .          Reflect  .   (no helmet)
rElec   .          Harm     .   n - +1 cloak {rCorr}
rCorr   +          Rampage  .   (no gloves)
Will    .....                   (no boots)
Stlth   +++.......              (no amulet)
HPRegen 0.19/turn               h - ring of magical power
MPRegen 0.20/turn               (no ring)

@: lethally poisoned (-3 -> -24)
A: fangs 1, strong nose, distributed training
a: no special abilities


You were on level 6 of the Dungeon.
You visited 1 branch of the dungeon, and saw 6 of its levels.

You collected 338 gold pieces.

Inventory:

Hand Weapons
 c - a +1 dagger of holy wrath (weapon)
 t - a +1 short sword of venom
Armour
 a - a +0 robe (worn)
 n - a +1 cloak of preservation (worn)
Jewellery
 h - a ring of magical power (left hand)
Wands
 m - a wand of digging (3)
Scrolls
 d - a scroll of enchant armour {unknown}
 f - 4 scrolls of teleportation {unknown}
 i - a scroll of summoning
 j - 2 scrolls of immolation {unknown}
 k - 2 scrolls of fear {unknown}
 p - 4 scrolls of identify {unknown}
 q - a scroll of fog {unknown}
 r - a scroll of enchant weapon {unknown}
Potions
 b - 3 potions of curing {unknown}
 e - 2 potions of resistance {unknown}
 g - a potion of magic {unknown}
 l - 6 potions of brilliance {unknown}
 o - 2 potions of attraction {unknown}
 s - a potion of cancellation {unknown}


   Skills:
 + Level 3.5 Fighting
 + Level 3.5 Short Blades
 + Level 3.5 Long Blades
 + Level 3.5 Axes
 + Level 3.5 Maces & Flails
 + Level 3.5 Polearms
 + Level 3.5 Staves
 + Level 3.5 Slings
 + Level 3.5 Bows
 + Level 3.5 Crossbows
 + Level 3.5 Throwing
 + Level 3.5 Armour
 + Level 5.9 Dodging
 + Level 5.5 Stealth
 + Level 3.5 Shields
 + Level 3.5 Unarmed Combat
 + Level 6.2 Spellcasting
 + Level 3.7 Conjurations
 + Level 2.9 Hexes
 + Level 2.9 Summonings
 + Level 2.9 Necromancy
 + Level 2.9 Translocations
 + Level 2.9 Transmutations
 + Level 6.2 Fire Magic
 + Level 2.9 Ice Magic
 + Level 2.9 Air Magic
 + Level 2.9 Earth Magic
 + Level 2.9 Poison Magic
 + Level 3.9 Invocations
 + Level 3.5 Evocations


You had 18 spell levels left.
You knew the following spells:

 Your Spells              Type           Power      Damage    Failure   Level
a - Foxfire               Conj/Fire      88%        2x1d8     1%          1

Your spell library contained the following spells:

 Spells                   Type           Power      Damage    Failure   Level
 Scorch                   Fire           52%        2d7       1%          2
 Conjure Flame            Conj/Fire      22%        6-21      4%          3
 Inner Flame              Hex/Fire       20%        N/A       5%          3
 Flame Wave               Conj/Fire      22%        2d7       16%         4


Dungeon Overview and Level Annotations

Branches:
Dungeon (6/15)
 Temple: D:4-7

Altars:
Ashenzari
Cheibriados
Gozag
Okawaru
Xom

Shops:
D:6 (


Innate Abilities, Weirdness & Mutations

You have very sharp teeth.
Your uncanny sense of smell can sniff out nearby items.
Your experience applies equally to all skills.


Message History

The scorpion stings you.
* * * LOW HITPOINT WARNING * * *
You are too injured to fight recklessly!
Unknown command.
Casting: Foxfire (safe; 1% risk of failure)
Confirm with . or Enter, or press ? or * to list all spells.
You conjure some foxfire!
The scorpion misses you. The scorpion completely misses you.
Unknown command.
You hit the scorpion but do no damage.
The scorpion is severely wounded.
The scorpion closely misses you.
You hit the scorpion.
The scorpion is almost dead.
The scorpion completely misses you.
You are too injured to fight recklessly!
You closely miss the scorpion.
The scorpion is almost dead.
The scorpion misses you.
You barely miss the scorpion.
The scorpion is almost dead.
The scorpion closely misses you.
You are too injured to fight recklessly!
You completely miss the orc wizard.
The orc wizard hits you with a +0 dagger.
* * * LOW HITPOINT WARNING * * *
The scorpion stings you.
* * * LOW HITPOINT WARNING * * *
You are lethally poisoned!
The scorpion poisons you!
You hit the scorpion but do no damage.
The scorpion is almost dead.
* * * LOW HITPOINT WARNING * * *
You feel sick. The orc wizard closely misses you. The scorpion stings you.
* * * LOW HITPOINT WARNING * * *
You are more poisoned.
The scorpion poisons you!
You hit the scorpion but do no damage.
The scorpion is almost dead.
You die...

...... ......
...... ......
...... #
...... .# ∆
...... ###
##.# ###
###### ...
... ##@##
#.##.#
##o#s##
#.#..#
##.#.#.##
#.†.#
#.#.#.#.##
###..##
#.#..##.#(##
### ......##
##.#..##.#.##
....
####...##
##.#.v##.#.##
####
####..#.##∆
##..#.##.#.##
∆ ..##.#.#.##
##(.#.##.#.##


You could see a scorpion and an orc wizard.

Vanquished Creatures
  A water moccasin (D:5)
  An ice beast (D:6)
  2 necrophages (D:6)
  An ogre (D:6)
  A centaur (D:6)
  A phantom (D:4)
  2 scorpions
  A water moccasin skeleton (D:5)
  A howler monkey (D:6)
  5 wights (D:6)
  A bullfrog zombie (D:5)
  2 hounds
  A bullfrog skeleton (D:5)
  2 centaur skeletons
  Crazy Yiuf (D:2)
  2 iguanas
  Natasha (thrice) (D:2)
  A howler monkey zombie (D:6)
  5 adders
  An adder skeleton (D:4)
  A worm (D:2)
  4 dart slugs
  7 ball pythons
  3 endoplasms
  A giant cockroach (D:2)
  16 goblins
  7 hobgoblins
  6 quokkas
  4 bats
  2 frilled lizards (D:3)
  2 kobolds
  2 rats
90 creatures vanquished.

Vanquished Creatures (others)
  611 foxfires
611 creatures vanquished.

Grand Total: 701 creatures vanquished

Notes
Turn   | Place    | Note
-------+----------+-------------------------------------------
     0 | D:1      | DocClef the Gnoll Fire Elementalist began the quest for the
                  | Orb.
     0 | D:1      | Reached XP level 1. HP: 13/13 MP: 6/6
   203 | D:1      | Reached XP level 2. HP: 19/19 MP: 2/7
   369 | D:1      | Found a faded altar of an unknown god.
  1403 | D:2      | Reached skill level 5 in Spellcasting
  1403 | D:2      | Reached XP level 3. HP: 25/25 MP: 3/9
  1646 | D:2      | Noticed Natasha
  1653 | D:2      | Killed Natasha
  1654 | D:2      | Reached skill level 1 in Fighting
  1654 | D:2      | Reached skill level 1 in Short Blades
  1654 | D:2      | Reached skill level 1 in Long Blades
  1654 | D:2      | Reached skill level 1 in Axes
  1654 | D:2      | Reached skill level 1 in Maces & Flails
  1654 | D:2      | Reached skill level 1 in Polearms
  1654 | D:2      | Reached skill level 1 in Staves
  1654 | D:2      | Reached skill level 1 in Slings
  1654 | D:2      | Reached skill level 1 in Bows
  1654 | D:2      | Reached skill level 1 in Crossbows
  1654 | D:2      | Reached skill level 1 in Throwing
  1654 | D:2      | Reached skill level 1 in Armour
  1654 | D:2      | Reached skill level 1 in Shields
  1654 | D:2      | Reached skill level 1 in Unarmed Combat
  1654 | D:2      | Reached skill level 1 in Invocations
  1654 | D:2      | Reached skill level 1 in Evocations
  1654 | D:2      | Reached XP level 4. HP: 18/32 MP: 11/11
  2238 | D:2      | Noticed Natasha
  2243 | D:2      | Killed Natasha
  2244 | D:2      | Reached skill level 1 in Hexes
  2244 | D:2      | Reached skill level 1 in Summonings
  2244 | D:2      | Reached skill level 1 in Necromancy
  2244 | D:2      | Reached skill level 1 in Translocations
  2244 | D:2      | Reached skill level 1 in Transmutations
  2244 | D:2      | Reached skill level 1 in Ice Magic
  2244 | D:2      | Reached skill level 1 in Air Magic
  2244 | D:2      | Reached skill level 1 in Earth Magic
  2244 | D:2      | Reached skill level 1 in Poison Magic
  2330 | D:2      | Found a runed translucent door.
  2331 | D:2      | Noticed Crazy Yiuf
  2514 | D:2      | Noticed Natasha
  2523 | D:2      | Killed Natasha
  2524 | D:2      | Reached XP level 5. HP: 37/37 MP: 12/12
  2823 | D:2      | Killed Crazy Yiuf
  3569 | D:4      | Reached XP level 6. HP: 28/44 MP: 13/13
  4003 | D:4      | Found an opulent altar of Gozag.
  4048 | D:4      | Found a broken altar of Ashenzari.
  4240 | D:4      | Reached skill level 5 in Dodging
  4945 | D:4      | Identified the +4 chain mail of the Original Sin {rF- rN++
                  | Will++}
  4953 | D:5      | Entered Level 5 of the Dungeon
  4964 | D:5      | Reached XP level 7. HP: 50/50 MP: 14/15
  5120 | D:5      | Reached skill level 5 in Stealth
  5348 | D:5      | Found a snail-covered altar of Cheibriados.
  5394 | D:5      | Found a shimmering altar of Xom.
  5666 | D:6      | Reached XP level 8. HP: 57/57 MP: 16/16
  6344 | D:6      | Found Muasusk's Weapon Shoppe.
  6418 | D:6      | Found an iron altar of Okawaru.
  6743 | D:6      | HP: 1/58 [scorpion (3)]
  6744 | D:6      | Succumbed to a scorpion's poison

Illustrated notes

Levels and vault maps discovered:
D:1:      evilmike_arrival_crescent, layout_basic,
          hellmonk_ecumenical_altar_zigzags
D:2:      layout_basic, minmay_goblin_outpost, uniq_crazy_yiuf_cottage,
          uniq_natasha
D:3:      layout_loops_ring
D:4:      layout_loops_cross, evilmike_ruin_ashenzari,
          mainiacjoe_overflow_alcove_2
D:5:      layout_rooms, kennysheep_slug_shrine, xom_teletrap_fun
D:6:      minmay_inner_zag, layout_basic, mainiacjoe_overflow_boulevard,
          serial_shops, nicolae_shop_behind_doors

Skill      XL: |  1  2  3  4  5  6  7  8 |
---------------+-------------------------+-----
Conjurations   | 2 3 |  3.7
Spellcasting   | 5 6 |  6.2
Fighting       | 1 2 3 |  3.5
Short Blades   | 1 2 3 |  3.5
Long Blades    | 1 2 3 |  3.5
Axes           | 1 2 3 |  3.5
Maces & Flails | 1 2 3 |  3.5
Polearms       | 1 2 3 |  3.5
Staves         | 1 2 3 |  3.5
Slings         | 1 2 3 |  3.5
Bows           | 1 2 3 |  3.5
Crossbows      | 1 2 3 |  3.5
Throwing       | 1 2 3 |  3.5
Armour         | 1 2 3 |  3.5
Shields        | 1 2 3 |  3.5
Unarmed Combat | 1 2 3 |  3.5
Invocations    | 1 2 3 |  3.9
Evocations     | 1 2 3 |  3.5
Hexes          | 1 2 |  2.9
Summonings     | 1 2 |  2.9
Necromancy     | 1 2 |  2.9
Translocations | 1 2 |  2.9
Transmutations | 1 2 |  2.9
Ice Magic      | 1 2 |  2.9
Air Magic      | 1 2 |  2.9
Earth Magic    | 1 2 |  2.9
Poison Magic   | 1 2 |  2.9
Dodging        | 5 |  5.9
Stealth        | 5 |  5.5
Fire Magic     | 6 |  6.2

Action                   |  1- 3 |  4- 6 |  7- 9 || total
-------------------------+-------+-------+-------++-------
Melee: Dagger            |     1 |    17 |    57 ||    75
       Bite              |       |     4 |     9 ||    13
       Punch             |       |     1 |     1 ||     2
 Cast: Foxfire           |    71 |   181 |   115 ||   367
 Stab: Sleeping          |       |     1 |       ||     1
Armor: Robe              |     2 |     8 |    10 ||    20
Dodge: Dodged            |     7 |    24 |    48 ||    79
